Connexion

ARIZONA Coyotes vs COLUMBUS Blue Jackets

Created - 1 novembre 2023 at 05:48

Goals
1 2 3 T
ARIZONA Coyotes 3 0 0 3
COLUMBUS Blue Jackets 0 1 1 2
Shots
1 2 3 T
ARIZONA Coyotes 12 6 13 31
COLUMBUS Blue Jackets 8 16 15 39

GoalsPenalties
1st period
1. ARIZONA Coyotes , Madison Bowey 8 (Dougie Hamilton 17, Nazem Kadri 21) at 13:00 (PP)
2. ARIZONA Coyotes , Nazem Kadri 13 (Matthew Tkachuk 18, Vince Dunn 17) at 16:00
3. ARIZONA Coyotes , Timo Meier 8 (Vince Dunn 18, Matthew Tkachuk 19) at 17:22
John Carlson (CLB) for Interference (Minor) at 2:12
Pierre-luc Dubois (CLB) for Holding Stick (Minor) at 7:37
Vince Dunn (ARI) for Hooking (Minor) at 7:37
Jordan Gross (CLB) for Cross-checking (Minor) at 11:04
2nd period
4. COLUMBUS Blue Jackets , John Carlson 3 (Jack Roslovic 23, Pierre-luc Dubois 20) at 8:25 (PP)
Dougie Hamilton (ARI) for Tripping (Minor) at 7:38
Dougie Hamilton (ARI) for Holding Stick (Minor) at 11:15
3rd period
5. COLUMBUS Blue Jackets , Carson Soucy 4 (Artturi Lehkonen 9, Vitek Vanecek) at 18:01 (PP)
Carson Soucy (CLB) for Holding (Minor) at 2:02
Nick Paul (CLB) for Interference (Minor) at 4:14
Dillon Dube (ARI) for Interference (Minor) at 4:14
Carson Soucy (CLB) for High sticking (Minor) at 9:33
Dougie Hamilton (ARI) for Roughing (Minor) at 16:47
Goalie Stats
Jaroslav Halak (ARI), 37 saves from 39 shots - (0,949), W, 5-4-1, 60:00 minutes
Vitek Vanecek (CLB), 28 saves from 31 shots - (0,903), L, 17-8-3, 60:00 minutes
3 StarsOfficial
1 - Nazem Kadri (ARI)
2 - Timo Meier (ARI)
3 - Matthew Tkachuk (ARI)
Referees : Tim Peel and Eric Furlatt
Linesman : Darren Gibbs and Brian Murphy
Game Note
No Game Note
Finance
Level 1 -- Attendance: 6000 (100,00%) -- Ticket Income 780 000 $
Level 2 -- Attendance: 5144 (100,00%) -- Ticket Income 437 240 $
Level 3 -- Attendance: 2000 (100,00%) -- Ticket Income 110 000 $
Level 4 -- Attendance: 3917 (97,93%) -- Ticket Income 137 095 $
Luxury Box -- Attendance: 927 (92,70%) -- Ticket Income 217 845 $
Game was played at the Nationwide Arena.
Total Attendance: 17988 (99,14%)
Total Ticket Income: 1 682 180 $
Other Income: 336 436 $
Total Income: 2 018 616 $



Team Name Goals Shots Shots Attemp Shots Blocked PIM HIT PP PK FO%
ARIZONA Coyotes 33161910291 / 4 (25%)246%
COLUMBUS Blue Jackets 23971812252 / 3 (67%)154%

ARIZONA Coyotes
Player Name POS G A P +/- PIM HIT SHT SB MP PP MP PP SHT PK MP PK SHT FO% FOT
Beau Starret C/LW000000000:000:0000:0000% 0
Braden SchneiderD0000020012:130:0000:2400% 0
Brayden PointC/RW0000004122:184:5310:51052% 33
Carl HagelinLW/RW0000002012:100:0000:120100% 1
Dillon DubeC/LW/RW0000200011:570:0000:00036% 14
Dougie HamiltonD0110621223:533:5910:0000% 0
Justin AbdelkaderC/LW0000040011:580:0000:0000% 0
Klim KostinC000001003:240:0000:00050% 6
Madison BoweyD1010003325:353:5922:4500% 0
Matt BoldyLW/RW0000043017:543:0020:00050% 2
Matthew TkachukLW/RW0222036122:134:5322:5700% 0
Nazem KadriC/LW/RW1122014122:383:0012:57048% 44
Sean DurziD0002012022:363:5411:1500% 0
Timo MeierLW/RW1012052024:494:5300:5100% 4
Travis BoydC/LW/RW000000003:060:0000:1200% 0
Tucker PoolmanD0000010013:370:0002:2100% 0
Victor OlofssonLW/RW0000032019:343:0000:00033% 3
Vince DunnD0222222122:023:5411:1500% 0
COLUMBUS Blue Jackets
Player Name POS G A P +/- PIM HIT SHT SB MP PP MP PP SHT PK MP PK SHT FO% FOT
Artturi LehkonenLW/RW011-2010014:071:1700:00033% 3
Bo HorvatC000-2014017:301:1702:35065% 20
Carson SoucyD101-2493118:231:0321:3700% 0
Colin BlackwellC/LW/RW0000014011:241:1700:00060% 15
Dante FabbroD0000000123:551:0303:3600% 0
Jack RoslovicC/RW0110005127:292:4315:18033% 3
John CarlsonD101-2222022:282:5722:5300% 0
John MarinoD0000035027:042:3724:1700% 0
Jordan GrossD0000231115:340:0003:2300% 0
Justin DanforthRW000000004:410:0000:0000% 0
Nick PaulLW0000202011:100:0000:00050% 2
Nino NiederreiterLW/RW0000000010:200:0000:000100% 1
Pierre-luc DuboisC/LW0110210026:162:4305:18052% 46
Rudolfs BalcersLW/RW000000014:410:0000:0000% 0
Sam SteelC000001004:410:0000:00067% 6
Tyler JohnsonC/LW/RW0000029123:192:4312:35129% 7
William LagessonD0000010212:320:2000:0000% 0
Yan GourdeC/LW/RW000-2004012:290:0000:00050% 4



Play-by-Play

1st period


0:01 of 1st period - Nazem Kadri wins face-off versus Pierre-luc Dubois in neutral zone.
0:38 of 1st period - Shot by Nazem Kadri.
0:38 of 1st period - Shot Blocked by Tyler Johnson.
0:51 of 1st period - Icing by Dante Fabbro.
0:52 of 1st period - Pierre-luc Dubois wins face-off versus Brayden Point in COLUMBUS Blue Jackets zone.
1:00 of 1st period - Off-side.
1:01 of 1st period - Dillon Dube wins face-off versus Bo Horvat in neutral zone.
1:04 of 1st period - Bo Horvat is hit by Justin Abdelkader and loses puck.
1:19 of 1st period - Shot by Yan Gourde.
1:19 of 1st period - Shot Misses the Net.
1:42 of 1st period - Justin Abdelkader is hit by Carson Soucy and loses puck.
1:50 of 1st period - Icing by John Carlson.
1:51 of 1st period - Bo Horvat wins face-off versus Brayden Point in COLUMBUS Blue Jackets zone.
1:51 of 1st period - Bo Horvat is hit by Victor Olofsson.
1:57 of 1st period - Shot by Matt Boldy.
1:57 of 1st period - Shot Misses the Net.
1:59 of 1st period - Shot by Brayden Point.
1:59 of 1st period - Stopped by Vitek Vanecek with a rebound.
2:04 of 1st period - Victor Olofsson is hit by John Carlson and loses puck.
2:12 of 1st period - Minor Penalty to John Carlson for Interference.
2:13 of 1st period - Brayden Point wins face-off versus Pierre-luc Dubois in COLUMBUS Blue Jackets zone.
2:33 of 1st period - Madison Bowey is hit by John Marino and loses puck.
2:43 of 1st period - Brayden Point is hit by Jordan Gross and loses puck.
3:07 of 1st period - Icing by Vince Dunn.
3:08 of 1st period - Tyler Johnson wins face-off versus Nazem Kadri in ARIZONA Coyotes zone.
3:09 of 1st period - Shot by Bo Horvat.
3:09 of 1st period - Deflect By Tyler Johnson.
3:09 of 1st period - Shot Misses the Net.
3:19 of 1st period - Shot by Victor Olofsson.
3:19 of 1st period - Shot Misses the Net.
3:21 of 1st period - Shot by Nazem Kadri.
3:21 of 1st period - Shot Misses the Net.
3:23 of 1st period - Shot by Nazem Kadri.
3:23 of 1st period - Stopped by Vitek Vanecek without a rebound.
3:24 of 1st period - Nazem Kadri wins face-off versus Pierre-luc Dubois in COLUMBUS Blue Jackets zone.
3:39 of 1st period - Shot by Matt Boldy.
3:39 of 1st period - Stopped by Vitek Vanecek without a rebound.
3:40 of 1st period - Brayden Point wins face-off versus Tyler Johnson in COLUMBUS Blue Jackets zone.
3:41 of 1st period - Shot by Matthew Tkachuk.
3:41 of 1st period - Stopped by Vitek Vanecek without a rebound.
3:42 of 1st period - Brayden Point wins face-off versus Tyler Johnson in COLUMBUS Blue Jackets zone.
3:42 of 1st period - Matthew Tkachuk is hit by Carson Soucy and loses puck.
3:49 of 1st period - Shot by Brayden Point.
3:49 of 1st period - Shot Misses the Net.
3:51 of 1st period - Shot by Dougie Hamilton.
3:51 of 1st period - Stopped by Vitek Vanecek without a rebound.
3:52 of 1st period - Brayden Point wins face-off versus Pierre-luc Dubois in COLUMBUS Blue Jackets zone.
3:53 of 1st period - Shot by Madison Bowey.
3:53 of 1st period - Shot Misses the Net.
3:55 of 1st period - Shot by Brayden Point.
3:55 of 1st period - Stopped by Vitek Vanecek without a rebound.
3:56 of 1st period - Brayden Point wins face-off versus Pierre-luc Dubois in COLUMBUS Blue Jackets zone.
4:47 of 1st period - Shot by Colin Blackwell.
4:47 of 1st period - Stopped by Jaroslav Halak without a rebound.
4:48 of 1st period - Nazem Kadri wins face-off versus Pierre-luc Dubois in ARIZONA Coyotes zone.
4:59 of 1st period - Shot by Timo Meier.
4:59 of 1st period - Shot Misses the Net.
5:14 of 1st period - Timo Meier is hit by Jordan Gross and loses puck.
5:29 of 1st period - Nazem Kadri is hit by Tyler Johnson and loses puck.
5:44 of 1st period - Shot by Justin Danforth.
5:44 of 1st period - Shot Misses the Net.
5:50 of 1st period - Shot by Justin Danforth.
5:50 of 1st period - Shot Blocked by Dougie Hamilton.
5:52 of 1st period - Shot by Sam Steel.
5:52 of 1st period - Shot Misses the Net.
5:54 of 1st period - Shot by John Marino.
5:54 of 1st period - Stopped by Jaroslav Halak without a rebound.
5:55 of 1st period - Matt Boldy wins face-off versus Colin Blackwell in ARIZONA Coyotes zone.
6:27 of 1st period - Icing by Nino Niederreiter.
6:28 of 1st period - Colin Blackwell wins face-off versus Dillon Dube in COLUMBUS Blue Jackets zone.
7:37 of 1st period - Minor Penalty to Pierre-luc Dubois for Holding Stick.
7:37 of 1st period - Minor Penalty to Vince Dunn for Hooking.
7:38 of 1st period - Artturi Lehkonen wins face-off versus Timo Meier in ARIZONA Coyotes zone.
7:45 of 1st period - Shot by Jack Roslovic.
7:45 of 1st period - Stopped by Jaroslav Halak without a rebound.
7:46 of 1st period - Nick Paul wins face-off versus Timo Meier in ARIZONA Coyotes zone.
7:55 of 1st period - Shot by Jack Roslovic.
7:55 of 1st period - Stopped by Jaroslav Halak without a rebound.
7:56 of 1st period - Nazem Kadri wins face-off versus Nick Paul in ARIZONA Coyotes zone.
8:01 of 1st period - Shot by Nazem Kadri.
8:01 of 1st period - Shot Hit the Post.
8:25 of 1st period - Shot by Jack Roslovic.
8:25 of 1st period - Shot Misses the Net.
9:23 of 1st period - Shot by Tyler Johnson.
9:23 of 1st period - Stopped by Jaroslav Halak without a rebound.
9:24 of 1st period - Brayden Point wins face-off versus Artturi Lehkonen in ARIZONA Coyotes zone.
9:59 of 1st period - Icing by Jordan Gross.
10:00 of 1st period - Sam Steel wins face-off versus Brayden Point in COLUMBUS Blue Jackets zone.
10:22 of 1st period - Icing by Rudolfs Balcers.
10:23 of 1st period - Nazem Kadri wins face-off versus Sam Steel in COLUMBUS Blue Jackets zone.
10:40 of 1st period - Shot by Nazem Kadri.
10:40 of 1st period - Shot Misses the Net.
10:45 of 1st period - Timo Meier is hit by William Lagesson.
10:47 of 1st period - Shot by Matthew Tkachuk.
10:47 of 1st period - Shot Blocked by William Lagesson.
10:49 of 1st period - Shot by Matthew Tkachuk.
10:49 of 1st period - Deflect By Timo Meier.
10:49 of 1st period - Shot Misses the Net.
10:59 of 1st period - Shot by Timo Meier.
10:59 of 1st period - Shot Misses the Net.
11:01 of 1st period - Shot by Matthew Tkachuk.
11:01 of 1st period - Shot Blocked by Rudolfs Balcers.
11:03 of 1st period - Shot by Matthew Tkachuk.
11:03 of 1st period - Shot Blocked by Jordan Gross.
11:04 of 1st period - Minor Penalty to Jordan Gross for Cross-checking.
11:05 of 1st period - Nazem Kadri wins face-off versus Pierre-luc Dubois in COLUMBUS Blue Jackets zone.
11:05 of 1st period - Sean Durzi is hit by John Marino and loses puck.
11:58 of 1st period - John Carlson is hit by Timo Meier.
12:08 of 1st period - Shot by Madison Bowey.
12:08 of 1st period - Shot Blocked by Jack Roslovic.
12:10 of 1st period - Shot by Dougie Hamilton.
12:10 of 1st period - Shot Misses the Net.
12:12 of 1st period - Shot by Madison Bowey.
12:12 of 1st period - Stopped by Vitek Vanecek without a rebound.
12:13 of 1st period - Brayden Point wins face-off versus Tyler Johnson in COLUMBUS Blue Jackets zone.
12:25 of 1st period - Shot by Vince Dunn.
12:25 of 1st period - Stopped by Vitek Vanecek with a rebound.
12:27 of 1st period - Shot by Brayden Point.
12:27 of 1st period - Shot Misses the Net.
13:00 of 1st period - Shot by Madison Bowey.
13:00 of 1st period - Goal by Madison Bowey - ARIZONA Coyotes : 1 - COLUMBUS Blue Jackets : 0.
13:01 of 1st period - Colin Blackwell wins face-off versus Dillon Dube in neutral zone.
13:28 of 1st period - Icing by William Lagesson.
13:29 of 1st period - Brayden Point wins face-off versus Colin Blackwell in COLUMBUS Blue Jackets zone.
13:29 of 1st period - Madison Bowey is hit by Jordan Gross and loses puck.
13:41 of 1st period - Icing by Matt Boldy.
13:42 of 1st period - Brayden Point wins face-off versus Pierre-luc Dubois in ARIZONA Coyotes zone.
14:54 of 1st period - Shot by Yan Gourde.
14:54 of 1st period - Stopped by Jaroslav Halak without a rebound.
14:55 of 1st period - Colin Blackwell wins face-off versus Nazem Kadri in ARIZONA Coyotes zone.
15:02 of 1st period - Nazem Kadri is hit by Colin Blackwell and loses puck.
15:19 of 1st period - Shot by Colin Blackwell.
15:19 of 1st period - Stopped by Jaroslav Halak with a rebound.
15:21 of 1st period - Shot by Nick Paul.
15:21 of 1st period - Stopped by Jaroslav Halak without a rebound.
15:22 of 1st period - Bo Horvat wins face-off versus Dillon Dube in ARIZONA Coyotes zone.
15:22 of 1st period - Bo Horvat is hit by Braden Schneider.
15:31 of 1st period - Icing by Braden Schneider.
15:32 of 1st period - Dillon Dube wins face-off versus Pierre-luc Dubois in ARIZONA Coyotes zone.
15:46 of 1st period - Off-side.
15:47 of 1st period - Nazem Kadri wins face-off versus Bo Horvat in neutral zone.
16:00 of 1st period - Shot by Nazem Kadri.
16:00 of 1st period - Goal by Nazem Kadri - ARIZONA Coyotes : 2 - COLUMBUS Blue Jackets : 0.
16:01 of 1st period - Victor Olofsson wins face-off versus Pierre-luc Dubois in neutral zone.
16:17 of 1st period - Dante Fabbro is hit by Matt Boldy and loses puck.
16:47 of 1st period - Icing by Dougie Hamilton.
16:48 of 1st period - Bo Horvat wins face-off versus Brayden Point in ARIZONA Coyotes zone.
17:02 of 1st period - Icing by Artturi Lehkonen.
17:03 of 1st period - Nazem Kadri wins face-off versus Bo Horvat in COLUMBUS Blue Jackets zone.
17:03 of 1st period - Nazem Kadri is hit by Carson Soucy.
17:08 of 1st period - Nazem Kadri is hit by Carson Soucy and loses puck.
17:22 of 1st period - Shot by Timo Meier.
17:22 of 1st period - Goal by Timo Meier - ARIZONA Coyotes : 3 - COLUMBUS Blue Jackets : 0.
17:23 of 1st period - Dillon Dube wins face-off versus Pierre-luc Dubois in neutral zone.
17:25 of 1st period - Braden Schneider is hit by Pierre-luc Dubois and loses puck.
17:40 of 1st period - Shot by Carl Hagelin.
17:40 of 1st period - Stopped by Vitek Vanecek without a rebound.
17:41 of 1st period - Nazem Kadri wins face-off versus Yan Gourde in COLUMBUS Blue Jackets zone.
18:10 of 1st period - Off-side.
18:11 of 1st period - Brayden Point wins face-off versus Jack Roslovic in neutral zone.
19:05 of 1st period - John Marino is hit by Vince Dunn and loses puck.
19:42 of 1st period - Off-side.
19:43 of 1st period - Colin Blackwell wins face-off versus Dillon Dube in neutral zone.
Goals for this period are 3 for ARIZONA Coyotes vs 0 for COLUMBUS Blue Jackets .
Shots for this period are 12 for ARIZONA Coyotes vs 8 for COLUMBUS Blue Jackets .

2nd period


0:01 of 2nd period - Nazem Kadri wins face-off versus Pierre-luc Dubois in neutral zone.
0:22 of 2nd period - Shot by Nazem Kadri.
0:22 of 2nd period - Shot Misses the Net.
0:34 of 2nd period - Shot by Nazem Kadri.
0:34 of 2nd period - Shot Misses the Net.
2:10 of 2nd period - Icing by Nino Niederreiter.
2:11 of 2nd period - Colin Blackwell wins face-off versus Klim Kostin in COLUMBUS Blue Jackets zone.
2:21 of 2nd period - Icing by Tucker Poolman.
2:22 of 2nd period - Sam Steel wins face-off versus Klim Kostin in ARIZONA Coyotes zone.
2:44 of 2nd period - Shot by Dante Fabbro.
2:44 of 2nd period - Shot Misses the Net.
2:57 of 2nd period - Justin Danforth is hit by Tucker Poolman and loses puck.
3:02 of 2nd period - Shot by Sam Steel.
3:02 of 2nd period - Shot Misses the Net.
4:06 of 2nd period - John Carlson is hit by Justin Abdelkader.
4:30 of 2nd period - Carl Hagelin is hit by Artturi Lehkonen and loses puck.
5:06 of 2nd period - Shot by Brayden Point.
5:06 of 2nd period - Shot Blocked by William Lagesson.
5:39 of 2nd period - Off-side.
5:40 of 2nd period - Sam Steel wins face-off versus Nazem Kadri in neutral zone.
6:09 of 2nd period - Shot by Nazem Kadri.
6:09 of 2nd period - Stopped by Vitek Vanecek without a rebound.
6:10 of 2nd period - Klim Kostin wins face-off versus Colin Blackwell in COLUMBUS Blue Jackets zone.
6:22 of 2nd period - John Carlson is hit by Klim Kostin and loses puck.
6:48 of 2nd period - Shot by Nino Niederreiter.
6:48 of 2nd period - Shot Blocked by Vince Dunn.
7:37 of 2nd period - Icing by Dougie Hamilton.
7:38 of 2nd period - Bo Horvat wins face-off versus Matt Boldy in ARIZONA Coyotes zone.
7:38 of 2nd period - Minor Penalty to Dougie Hamilton for Tripping.
7:39 of 2nd period - Nazem Kadri wins face-off versus Artturi Lehkonen in ARIZONA Coyotes zone.
7:56 of 2nd period - Shot by John Marino.
7:56 of 2nd period - Stopped by Jaroslav Halak without a rebound.
7:57 of 2nd period - Pierre-luc Dubois wins face-off versus Nazem Kadri in ARIZONA Coyotes zone.
7:58 of 2nd period - Shot by Jack Roslovic.
7:58 of 2nd period - Deflect By Tyler Johnson.
7:58 of 2nd period - Shot Misses the Net.
8:00 of 2nd period - Shot by Carson Soucy.
8:00 of 2nd period - Stopped by Jaroslav Halak without a rebound.
8:01 of 2nd period - Pierre-luc Dubois wins face-off versus Nazem Kadri in ARIZONA Coyotes zone.
8:06 of 2nd period - Shot by Jack Roslovic.
8:06 of 2nd period - Stopped by Jaroslav Halak without a rebound.
8:07 of 2nd period - Pierre-luc Dubois wins face-off versus Nazem Kadri in ARIZONA Coyotes zone.
8:08 of 2nd period - Shot by Tyler Johnson.
8:08 of 2nd period - Stopped by Jaroslav Halak without a rebound.
8:09 of 2nd period - Pierre-luc Dubois wins face-off versus Nazem Kadri in ARIZONA Coyotes zone.
8:21 of 2nd period - Shot by Pierre-luc Dubois.
8:21 of 2nd period - Deflect By Jack Roslovic.
8:21 of 2nd period - Shot Misses the Net.
8:23 of 2nd period - Shot by John Carlson.
8:23 of 2nd period - Shot Misses the Net.
8:25 of 2nd period - Shot by John Carlson.
8:25 of 2nd period - Goal by John Carlson - ARIZONA Coyotes : 3 - COLUMBUS Blue Jackets : 1.
8:26 of 2nd period - Bo Horvat wins face-off versus Brayden Point in neutral zone.
8:28 of 2nd period - Yan Gourde is hit by Vince Dunn and loses puck.
8:52 of 2nd period - Jordan Gross is hit by Matt Boldy and loses puck.
9:03 of 2nd period - Shot by Brayden Point.
9:03 of 2nd period - Shot Misses the Net.
9:05 of 2nd period - Shot by Matt Boldy.
9:05 of 2nd period - Stopped by Vitek Vanecek without a rebound.
9:06 of 2nd period - Nazem Kadri wins face-off versus Pierre-luc Dubois in COLUMBUS Blue Jackets zone.
9:13 of 2nd period - Shot by Matthew Tkachuk.
9:13 of 2nd period - Stopped by Vitek Vanecek without a rebound.
9:14 of 2nd period - Nazem Kadri wins face-off versus Jack Roslovic in COLUMBUS Blue Jackets zone.
9:35 of 2nd period - Shot by Matthew Tkachuk.
9:35 of 2nd period - Stopped by Vitek Vanecek without a rebound.
9:36 of 2nd period - Bo Horvat wins face-off versus Brayden Point in COLUMBUS Blue Jackets zone.
9:36 of 2nd period - Bo Horvat is hit by Victor Olofsson.
10:08 of 2nd period - Shot by Sean Durzi.
10:08 of 2nd period - Stopped by Vitek Vanecek without a rebound.
10:09 of 2nd period - Pierre-luc Dubois wins face-off versus Nazem Kadri in COLUMBUS Blue Jackets zone.
10:09 of 2nd period - Pierre-luc Dubois is hit by Nazem Kadri.
10:21 of 2nd period - Shot by Tyler Johnson.
10:21 of 2nd period - Stopped by Jaroslav Halak without a rebound.
10:22 of 2nd period - Colin Blackwell wins face-off versus Dillon Dube in ARIZONA Coyotes zone.
10:23 of 2nd period - Shot by Nino Niederreiter.
10:23 of 2nd period - Shot Misses the Net.
11:15 of 2nd period - Minor Penalty to Dougie Hamilton for Holding Stick.
11:16 of 2nd period - Pierre-luc Dubois wins face-off versus Nazem Kadri in ARIZONA Coyotes zone.
11:17 of 2nd period - Shot by John Carlson.
11:17 of 2nd period - Shot Blocked by Madison Bowey.
11:19 of 2nd period - Shot by John Carlson.
11:19 of 2nd period - Stopped by Jaroslav Halak without a rebound.
11:20 of 2nd period - Pierre-luc Dubois wins face-off versus Nazem Kadri in ARIZONA Coyotes zone.
11:25 of 2nd period - Shot by Tyler Johnson.
11:25 of 2nd period - Shot Blocked by Madison Bowey.
12:24 of 2nd period - Artturi Lehkonen is hit by Sean Durzi.
12:30 of 2nd period - Shot by Carson Soucy.
12:30 of 2nd period - Shot Misses the Net.
12:32 of 2nd period - Shot by Colin Blackwell.
12:32 of 2nd period - Shot Misses the Net.
14:12 of 2nd period - Shot by Yan Gourde.
14:12 of 2nd period - Shot Misses the Net.
14:43 of 2nd period - Icing by Vince Dunn.
14:44 of 2nd period - Brayden Point wins face-off versus Pierre-luc Dubois in ARIZONA Coyotes zone.
14:44 of 2nd period - Brayden Point is hit by Tyler Johnson.
15:00 of 2nd period - Shot by Brayden Point.
15:00 of 2nd period - Shot Blocked by Dante Fabbro.
15:23 of 2nd period - Icing by Pierre-luc Dubois.
15:24 of 2nd period - Pierre-luc Dubois wins face-off versus Timo Meier in COLUMBUS Blue Jackets zone.
15:24 of 2nd period - Pierre-luc Dubois is hit by Timo Meier.
15:31 of 2nd period - John Marino is hit by Timo Meier and loses puck.
15:37 of 2nd period - Off-side.
15:38 of 2nd period - Yan Gourde wins face-off versus Klim Kostin in neutral zone.
16:03 of 2nd period - Shot by Yan Gourde.
16:03 of 2nd period - Stopped by Jaroslav Halak without a rebound.
16:04 of 2nd period - Colin Blackwell wins face-off versus Brayden Point in ARIZONA Coyotes zone.
16:11 of 2nd period - Shot by Colin Blackwell.
16:11 of 2nd period - Stopped by Jaroslav Halak with a rebound.
16:13 of 2nd period - Shot by Carson Soucy.
16:13 of 2nd period - Stopped by Jaroslav Halak without a rebound.
16:14 of 2nd period - Pierre-luc Dubois wins face-off versus Nazem Kadri in ARIZONA Coyotes zone.
16:21 of 2nd period - Shot by Pierre-luc Dubois.
16:21 of 2nd period - Shot Blocked by Matthew Tkachuk.
16:59 of 2nd period - Shot by Jack Roslovic.
16:59 of 2nd period - Stopped by Jaroslav Halak without a rebound.
17:00 of 2nd period - Yan Gourde wins face-off versus Brayden Point in ARIZONA Coyotes zone.
17:01 of 2nd period - Shot by Bo Horvat.
17:01 of 2nd period - Stopped by Jaroslav Halak with a rebound.
17:13 of 2nd period - Shot by Artturi Lehkonen.
17:13 of 2nd period - Shot Blocked by Brayden Point.
17:15 of 2nd period - Shot by Bo Horvat.
17:15 of 2nd period - Deflect By Yan Gourde.
17:15 of 2nd period - Stopped by Jaroslav Halak without a rebound.
17:16 of 2nd period - Dillon Dube wins face-off versus Colin Blackwell in ARIZONA Coyotes zone.
17:38 of 2nd period - Icing by Jordan Gross.
17:39 of 2nd period - Colin Blackwell wins face-off versus Nazem Kadri in COLUMBUS Blue Jackets zone.
17:48 of 2nd period - Shot by Colin Blackwell.
17:48 of 2nd period - Deflect By Nino Niederreiter.
17:48 of 2nd period - Shot Misses the Net.
17:50 of 2nd period - Shot by Nick Paul.
17:50 of 2nd period - Stopped by Jaroslav Halak with a rebound.
17:52 of 2nd period - Shot by Colin Blackwell.
17:52 of 2nd period - Shot Blocked by Madison Bowey.
18:04 of 2nd period - Shot by Nino Niederreiter.
18:04 of 2nd period - Shot Misses the Net.
18:22 of 2nd period - Shot by Tyler Johnson.
18:22 of 2nd period - Stopped by Jaroslav Halak without a rebound.
18:23 of 2nd period - Brayden Point wins face-off versus Pierre-luc Dubois in ARIZONA Coyotes zone.
18:31 of 2nd period - Victor Olofsson is hit by John Marino and loses puck.
18:38 of 2nd period - Shot by Tyler Johnson.
18:38 of 2nd period - Stopped by Jaroslav Halak without a rebound.
18:39 of 2nd period - Bo Horvat wins face-off versus Dillon Dube in ARIZONA Coyotes zone.
18:39 of 2nd period - Yan Gourde is hit by Braden Schneider and loses puck.
18:55 of 2nd period - Off-side.
18:56 of 2nd period - Nazem Kadri wins face-off versus Pierre-luc Dubois in neutral zone.
18:59 of 2nd period - John Marino is hit by Timo Meier and loses puck.
19:05 of 2nd period - Icing by Tyler Johnson.
19:06 of 2nd period - Pierre-luc Dubois wins face-off versus Nazem Kadri in COLUMBUS Blue Jackets zone.
19:16 of 2nd period - Off-side.
19:17 of 2nd period - Brayden Point wins face-off versus Bo Horvat in neutral zone.
19:32 of 2nd period - Shot by Matt Boldy.
19:32 of 2nd period - Shot Misses the Net.
19:34 of 2nd period - Shot by Brayden Point.
19:34 of 2nd period - Stopped by Vitek Vanecek without a rebound.
19:35 of 2nd period - Nazem Kadri wins face-off versus Pierre-luc Dubois in COLUMBUS Blue Jackets zone.
19:35 of 2nd period - Nazem Kadri is hit by Carson Soucy.
19:55 of 2nd period - Icing by John Carlson.
19:56 of 2nd period - Brayden Point wins face-off versus Pierre-luc Dubois in COLUMBUS Blue Jackets zone.
19:59 of 2nd period - Shot by Brayden Point.
19:59 of 2nd period - Shot Blocked by Carson Soucy.
Goals for this period are 0 for ARIZONA Coyotes vs 1 for COLUMBUS Blue Jackets .
Shots for this period are 6 for ARIZONA Coyotes vs 16 for COLUMBUS Blue Jackets .

3rd period


0:01 of 3rd period - Pierre-luc Dubois wins face-off versus Nazem Kadri in neutral zone.
0:30 of 3rd period - John Marino is hit by Dougie Hamilton and loses puck.
1:16 of 3rd period - Vince Dunn is hit by John Carlson and loses puck.
1:30 of 3rd period - Brayden Point is hit by Carson Soucy and loses puck.
1:53 of 3rd period - Bo Horvat is hit by Justin Abdelkader and loses puck.
1:59 of 3rd period - Icing by Carson Soucy.
2:00 of 3rd period - Klim Kostin wins face-off versus Bo Horvat in COLUMBUS Blue Jackets zone.
2:00 of 3rd period - Madison Bowey is hit by Carson Soucy and loses puck.
2:02 of 3rd period - Minor Penalty to Carson Soucy for Holding.
2:03 of 3rd period - Pierre-luc Dubois wins face-off versus Brayden Point in COLUMBUS Blue Jackets zone.
2:03 of 3rd period - Pierre-luc Dubois is hit by Matthew Tkachuk.
2:27 of 3rd period - Shot by Matthew Tkachuk.
2:27 of 3rd period - Stopped by Vitek Vanecek without a rebound.
2:28 of 3rd period - Nazem Kadri wins face-off versus Pierre-luc Dubois in COLUMBUS Blue Jackets zone.
2:35 of 3rd period - Shot by Sean Durzi.
2:35 of 3rd period - Stopped by Vitek Vanecek without a rebound.
2:36 of 3rd period - Jack Roslovic wins face-off versus Nazem Kadri in COLUMBUS Blue Jackets zone.
2:55 of 3rd period - Shot by Matt Boldy.
2:55 of 3rd period - Stopped by Vitek Vanecek without a rebound.
2:56 of 3rd period - Pierre-luc Dubois wins face-off versus Brayden Point in COLUMBUS Blue Jackets zone.
3:19 of 3rd period - Shot by Sean Durzi.
3:19 of 3rd period - Shot Misses the Net.
4:14 of 3rd period - Minor Penalty to Nick Paul for Interference.
4:14 of 3rd period - Minor Penalty to Dillon Dube for Interference.
4:15 of 3rd period - Nazem Kadri wins face-off versus Pierre-luc Dubois in neutral zone.
4:48 of 3rd period - Shot by Nazem Kadri.
4:48 of 3rd period - Shot Misses the Net.
5:07 of 3rd period - Icing by Vince Dunn.
5:08 of 3rd period - Brayden Point wins face-off versus Tyler Johnson in ARIZONA Coyotes zone.
5:08 of 3rd period - Brayden Point is hit by Bo Horvat.
5:26 of 3rd period - Shot by Bo Horvat.
5:26 of 3rd period - Stopped by Jaroslav Halak with a rebound.
5:39 of 3rd period - Icing by Brayden Point.
5:40 of 3rd period - Pierre-luc Dubois wins face-off versus Victor Olofsson in ARIZONA Coyotes zone.
5:53 of 3rd period - Shot by Pierre-luc Dubois.
5:53 of 3rd period - Shot Misses the Net.
6:16 of 3rd period - Icing by Madison Bowey.
6:17 of 3rd period - Bo Horvat wins face-off versus Dillon Dube in ARIZONA Coyotes zone.
6:24 of 3rd period - William Lagesson is hit by Justin Abdelkader and loses puck.
6:28 of 3rd period - Icing by Jordan Gross.
6:29 of 3rd period - Nazem Kadri wins face-off versus Bo Horvat in COLUMBUS Blue Jackets zone.
6:38 of 3rd period - Shot by Matthew Tkachuk.
6:38 of 3rd period - Stopped by Vitek Vanecek with a rebound.
6:40 of 3rd period - Shot by Madison Bowey.
6:40 of 3rd period - Stopped by Vitek Vanecek with a rebound.
6:42 of 3rd period - Shot by Matthew Tkachuk.
6:42 of 3rd period - Shot Hit the Post.
6:56 of 3rd period - Shot by Nazem Kadri.
6:56 of 3rd period - Stopped by Vitek Vanecek without a rebound.
6:57 of 3rd period - Dillon Dube wins face-off versus Colin Blackwell in COLUMBUS Blue Jackets zone.
7:16 of 3rd period - Shot by Carl Hagelin.
7:16 of 3rd period - Stopped by Vitek Vanecek with a rebound.
7:37 of 3rd period - Shot by Colin Blackwell.
7:37 of 3rd period - Stopped by Jaroslav Halak without a rebound.
7:38 of 3rd period - Pierre-luc Dubois wins face-off versus Nazem Kadri in ARIZONA Coyotes zone.
7:47 of 3rd period - John Carlson is hit by Timo Meier and loses puck.
8:12 of 3rd period - Shot by Jack Roslovic.
8:12 of 3rd period - Stopped by Jaroslav Halak without a rebound.
8:13 of 3rd period - Bo Horvat wins face-off versus Brayden Point in ARIZONA Coyotes zone.
8:40 of 3rd period - Shot by Bo Horvat.
8:40 of 3rd period - Shot Misses the Net.
8:54 of 3rd period - Shot by Victor Olofsson.
8:54 of 3rd period - Stopped by Vitek Vanecek with a rebound.
8:56 of 3rd period - Shot by Brayden Point.
8:56 of 3rd period - Stopped by Vitek Vanecek with a rebound.
8:58 of 3rd period - Shot by Vince Dunn.
8:58 of 3rd period - Stopped by Vitek Vanecek without a rebound.
8:59 of 3rd period - Pierre-luc Dubois wins face-off versus Nazem Kadri in COLUMBUS Blue Jackets zone.
9:12 of 3rd period - Icing by Matthew Tkachuk.
9:13 of 3rd period - Colin Blackwell wins face-off versus Nazem Kadri in ARIZONA Coyotes zone.
9:31 of 3rd period - Nick Paul is hit by Matthew Tkachuk and loses puck.
9:33 of 3rd period - Minor Penalty to Carson Soucy for High sticking.
9:34 of 3rd period - Pierre-luc Dubois wins face-off versus Nazem Kadri in COLUMBUS Blue Jackets zone.
9:34 of 3rd period - Pierre-luc Dubois is hit by Victor Olofsson.
10:32 of 3rd period - Shot by Tyler Johnson.
10:32 of 3rd period - Stopped by Jaroslav Halak without a rebound.
10:33 of 3rd period - Tyler Johnson wins face-off versus Brayden Point in ARIZONA Coyotes zone.
10:41 of 3rd period - Icing by Brayden Point.
10:42 of 3rd period - Pierre-luc Dubois wins face-off versus Brayden Point in ARIZONA Coyotes zone.
10:43 of 3rd period - Shot by John Carlson.
10:43 of 3rd period - Shot Misses the Net.
10:51 of 3rd period - Jack Roslovic is hit by Matthew Tkachuk and loses puck.
12:21 of 3rd period - Icing by Jordan Gross.
12:22 of 3rd period - Klim Kostin wins face-off versus Colin Blackwell in COLUMBUS Blue Jackets zone.
12:23 of 3rd period - Shot by Timo Meier.
12:23 of 3rd period - Stopped by Vitek Vanecek without a rebound.
12:24 of 3rd period - Bo Horvat wins face-off versus Victor Olofsson in COLUMBUS Blue Jackets zone.
12:24 of 3rd period - Bo Horvat is hit by Matt Boldy.
12:42 of 3rd period - Shot by Yan Gourde.
12:42 of 3rd period - Stopped by Jaroslav Halak with a rebound.
12:44 of 3rd period - Shot by John Marino.
12:44 of 3rd period - Stopped by Jaroslav Halak with a rebound.
12:46 of 3rd period - Shot by Yan Gourde.
12:46 of 3rd period - Shot Misses the Net.
12:54 of 3rd period - Shot by Bo Horvat.
12:54 of 3rd period - Stopped by Jaroslav Halak without a rebound.
12:55 of 3rd period - Pierre-luc Dubois wins face-off versus Nazem Kadri in ARIZONA Coyotes zone.
13:00 of 3rd period - Shot by Tyler Johnson.
13:00 of 3rd period - Stopped by Jaroslav Halak with a rebound.
13:02 of 3rd period - Shot by Tyler Johnson.
13:02 of 3rd period - Deflect By Jack Roslovic.
13:02 of 3rd period - Shot Misses the Net.
13:16 of 3rd period - Shot by Matthew Tkachuk.
13:16 of 3rd period - Stopped by Vitek Vanecek without a rebound.
13:17 of 3rd period - Nino Niederreiter wins face-off versus Dillon Dube in COLUMBUS Blue Jackets zone.
13:46 of 3rd period - Shot by Dillon Dube.
13:46 of 3rd period - Shot Misses the Net.
14:15 of 3rd period - Dante Fabbro is hit by Dougie Hamilton and loses puck.
14:42 of 3rd period - Shot by Matthew Tkachuk.
14:42 of 3rd period - Shot Misses the Net.
14:45 of 3rd period - Icing by Jack Roslovic.
14:46 of 3rd period - Brayden Point wins face-off versus Tyler Johnson in COLUMBUS Blue Jackets zone.
14:48 of 3rd period - Matt Boldy is hit by Carson Soucy and loses puck.
15:04 of 3rd period - Brayden Point is hit by Carson Soucy and loses puck.
15:27 of 3rd period - Shot by Victor Olofsson.
15:27 of 3rd period - Stopped by Vitek Vanecek without a rebound.
15:28 of 3rd period - Bo Horvat wins face-off versus Timo Meier in COLUMBUS Blue Jackets zone.
15:40 of 3rd period - Shot by Yan Gourde.
15:40 of 3rd period - Shot Blocked by Nazem Kadri.
15:42 of 3rd period - Shot by Yan Gourde.
15:42 of 3rd period - Shot Misses the Net.
15:44 of 3rd period - Shot by Bo Horvat.
15:44 of 3rd period - Stopped by Jaroslav Halak without a rebound.
15:45 of 3rd period - Carl Hagelin wins face-off versus Sam Steel in ARIZONA Coyotes zone.
16:05 of 3rd period - Shot by Dougie Hamilton.
16:05 of 3rd period - Shot Misses the Net.
16:13 of 3rd period - Shot by Rudolfs Balcers.
16:13 of 3rd period - Shot Blocked by Dougie Hamilton.
16:15 of 3rd period - Shot by John Marino.
16:15 of 3rd period - Stopped by Jaroslav Halak without a rebound.
16:16 of 3rd period - Nazem Kadri wins face-off versus Yan Gourde in ARIZONA Coyotes zone.
16:29 of 3rd period - Icing by William Lagesson.
16:30 of 3rd period - Bo Horvat wins face-off versus Brayden Point in COLUMBUS Blue Jackets zone.
16:30 of 3rd period - Bo Horvat is hit by Matt Boldy.
16:37 of 3rd period - Off-side.
16:38 of 3rd period - Pierre-luc Dubois wins face-off versus Nazem Kadri in neutral zone.
16:41 of 3rd period - Shot by Tyler Johnson.
16:41 of 3rd period - Stopped by Jaroslav Halak without a rebound.
16:42 of 3rd period - Pierre-luc Dubois wins face-off versus Nazem Kadri in ARIZONA Coyotes zone.
16:43 of 3rd period - Shot by Tyler Johnson.
16:43 of 3rd period - Stopped by Jaroslav Halak without a rebound.
16:44 of 3rd period - Nazem Kadri wins face-off versus Pierre-luc Dubois in ARIZONA Coyotes zone.
16:47 of 3rd period - Minor Penalty to Dougie Hamilton for Roughing.
16:48 of 3rd period - Pierre-luc Dubois wins face-off versus Nazem Kadri in ARIZONA Coyotes zone.
16:51 of 3rd period - Shot by John Marino.
16:51 of 3rd period - Shot Misses the Net.
16:53 of 3rd period - Shot by John Marino.
16:53 of 3rd period - Stopped by Jaroslav Halak without a rebound.
16:54 of 3rd period - Nazem Kadri wins face-off versus Pierre-luc Dubois in ARIZONA Coyotes zone.
18:01 of 3rd period - Shot by Carson Soucy.
18:01 of 3rd period - Goal by Carson Soucy - ARIZONA Coyotes : 3 - COLUMBUS Blue Jackets : 2.
18:02 of 3rd period - Sam Steel wins face-off versus Dillon Dube in neutral zone.
18:05 of 3rd period - Justin Abdelkader is hit by Sam Steel and loses puck.
18:22 of 3rd period - Shot by Jordan Gross.
18:22 of 3rd period - Stopped by Jaroslav Halak without a rebound.
18:23 of 3rd period - Brayden Point wins face-off versus Bo Horvat in ARIZONA Coyotes zone.
18:29 of 3rd period - Off-side.
18:30 of 3rd period - Bo Horvat wins face-off versus Brayden Point in neutral zone.
18:42 of 3rd period - Icing by Victor Olofsson.
18:43 of 3rd period - Pierre-luc Dubois wins face-off versus Brayden Point in ARIZONA Coyotes zone.
Goals for this period are 0 for ARIZONA Coyotes vs 1 for COLUMBUS Blue Jackets .
Shots for this period are 13 for ARIZONA Coyotes vs 15 for COLUMBUS Blue Jackets .